 Dungeon Crawl Stone Soup version 0.31-a0-152-g6aa68a64a1 (webtiles) character file.

Game seed: 7340994431575717150

204 qw the Shooter (level 5, -6/46 HPs)
             Began as a Minotaur Hunter on June 9, 2023.
             Mangled by a gnoll
             ... wielding a +0 halberd
             ... led by a gnoll bouda
              (7 damage)
             ... on level 4 of the Dungeon.
             The game lasted 00:00:59 (2594 turns).

qw the Shooter (Minotaur Hunter)                    Turns: 2594, Time: 00:00:59

Health: -6/46      AC:  7    Str: 15    XL:     5   Next: 52%
Magic:  0/4        EV: 11    Int:  6    God:
Gold:   201        SH:  0    Dex: 16    Spells: 4/4 levels left

rFire   . . .        Y - +0 hand crossbow (flame)
rCold   . . .        (no shield)
rNeg    . . .        i - +0 ring mail
rPois   .            (helmet restricted)
rElec   .            (no cloak)
rCorr   .            b - +0 pair of gloves
SInv    .            e - +0 pair of boots
Will    .....        d - amulet of guardian spirit
Stlth   +            (no ring)
HPRegen 0.27/turn    (no ring)
MPRegen 0.09/turn

%: guardian spirit
@: no status effects
A: horns 2, retaliatory headbutt
a: no special abilities


You were on level 4 of the Dungeon.
You visited 1 branch of the dungeon, and saw 4 of its levels.

You collected 201 gold pieces.


Innate Abilities, Weirdness & Mutations

You have a pair of horns on your head.
You reflexively headbutt those who attack you in melee.


   Skills:
 - Level 4.0 Fighting
 + Level 6.8 Ranged Weapons
 - Level 1.2 Armour
 - Level 2.1 Dodging
 - Level 0.7 Stealth


You had 4 spell levels left.
You didn't know any spells.
Your spell library was empty.

Inventory:

Hand Weapons
 Y - a +0 hand crossbow of flaming (weapon)
Armour
 b - a +0 pair of gloves (worn)
 e - a +0 pair of boots (worn)
 i - a +0 ring mail (worn)
Jewellery
 d - an amulet of guardian spirit (around neck)
Scrolls
 j - 2 scrolls of identify
Potions
 f - 2 potions of curing
 g - 2 potions of haste

Dungeon Overview and Level Annotations

Branches:
Dungeon (4/15)
 Temple: D:4-7

Altars:
Yredelemnul

Shops:
D:2 :


Message History

The gnoll hits you from afar with a +0 halberd.
You shoot a bolt. The bolt hits the gnoll.
The bolt burns the gnoll.
The gnoll is moderately wounded.
The gnoll hits you with a +0 club. The gnoll barely misses you.
The gnoll closely misses you. The gnoll barely misses you.
The gnoll hits you but does no damage. The gnoll closely misses you.
You shoot a bolt. The bolt hits the gnoll.
The bolt burns the gnoll.
The gnoll is heavily wounded.
Your attacks no longer feel as feeble.
The gnoll barely misses you. You furiously retaliate!
You headbutt the gnoll. The gnoll barely misses you. The gnoll misses you.
The gnoll hits you but does no damage. The gnoll closely misses you.
The gnoll hits you with a +0 flail! The gnoll closely misses you.
The gnoll hits you from afar with a +0 halberd.
You shoot a bolt. The bolt hits the gnoll.
The bolt burns the gnoll.
The gnoll is almost dead.
The gnoll hits you but does no damage. The gnoll closely misses you.
You furiously retaliate!
You headbutt the gnoll. The gnoll barely misses you.
The gnoll hits you with a +0 club. The gnoll misses you.
The gnoll hits you from afar with a +0 spear.
You shoot a bolt. The bolt hits the gnoll!!
The bolt burns the gnoll.
You kill the gnoll!
The gnoll hits you from afar with a +0 halberd!
The gnoll closely misses you.
The gnoll hits you from afar with a +0 spear.
The gnoll closely misses you.
You shoot a bolt. The bolt hits the gnoll!
The bolt burns the gnoll.
You kill the gnoll!
The gnoll completely misses you. The gnoll barely misses you.
The gnoll hits you from afar with a +0 spear.
The gnoll completely misses you.
You shoot a bolt. The bolt hits the gnoll.
The bolt burns the gnoll.
The gnoll is moderately wounded.
The gnoll is no longer moving quickly.
The gnoll hits you but does no damage. The gnoll barely misses you.
The gnoll hits you from afar with a +0 spear.
You shoot a bolt. The bolt hits the gnoll!
The bolt burns the gnoll.
You kill the gnoll!
The gnoll hits you from afar with a +0 halberd!
You die...

#..........# ##...<..#
..##...##....###.###.###
........#.....##.###....
..).....................
...)................###.
..............##.### .
#.g.........####
..##.).).>......#
......)@(....#..#
..##...#######.... #.#.
##.... #. #. ..... # #.
..... #. #. #.


You could see a gnoll.

Vanquished Creatures
  A gnoll bouda (D:4)
  4 gnolls (D:4)
  6 adders
  2 worms (D:2)
  4 dart slugs (D:2)
  9 orcs (D:3)
  7 ball pythons
  4 bats
  2 endoplasms
  6 giant cockroaches
  7 hobgoblins
  4 kobolds
  2 quokkas
  4 frilled lizards
  6 goblins
  4 rats
72 creatures vanquished.

Notes
Turn   | Place    | Note
-------+----------+-------------------------------------------
     0 | D:1      | qw the Minotaur Hunter began the quest for the Orb.
     0 | D:1      | Reached XP level 1. HP: 18/18 MP: 0/0
     0 | D:1      | 0 ||| qw: Version: 0.2-a-120-g592f744
     0 | D:1      | 0 ||| qw: Game counter: 3167
     0 | D:1      | 0 ||| qw: Always use a shield: true
     0 | D:1      | 0 ||| qw: God list: Okawaru
     0 | D:1      | 0 ||| qw: Allow faded altars: false
     0 | D:1      | 0 ||| qw: Do Orc after D:15 true
     0 | D:1      | 0 ||| qw: Do second Lair branch before Depths: true
     0 | D:1      | 0 ||| qw: Lair rune preference: random
     0 | D:1      | 0 ||| qw: Plans: Normal
     0 | D:1      | 0 ||| PLANNING D:1-11
   176 | D:1      | Reached XP level 2. HP: 25/25 MP: 1/1
   181 | D:1      | Reached skill level 5 in Ranged Weapons
   575 | D:1      | Reached skill level 3 in Fighting
   673 | D:1      | 673 ||| UPGRADING to +0 pair of boots.
   678 | D:1      | 678 ||| READING scroll labelled YSMULIE KADWA.
   779 | D:1      | 779 ||| DRINKING 3 fuming clear potions.
   780 | D:1      | 780 ||| DRINKING 2 glowing yellow potions.
   781 | D:1      | 781 ||| DROPPING scroll of butterflies.
   829 | D:2      | Reached XP level 3. HP: 31/31 MP: 2/2
  1025 | D:2      | Reached skill level 6 in Ranged Weapons
  1025 | D:2      | Reached XP level 4. HP: 38/38 MP: 3/3
  1182 | D:2      | Reached skill level 1 in Armour
  1267 | D:2      | Found Lujumaz's Book Emporium.
  1606 | D:2      | 1606 ||| Stepping ~*~*~tactically~*~*~ (outnumbered).
  1641 | D:2      | 1641 ||| UPGRADING to +0 pair of gloves.
  1646 | D:2      | 1646 ||| UPGRADING to amulet of guardian spirit.
  1651 | D:2      | 1651 ||| READING scroll labelled DOPHAN GOGUSKAV.
  1654 | D:2      | 1654 ||| READING scroll labelled LAEMOCESSI.
  1655 | D:2      | 1655 ||| READING scroll labelled CEGIECZ NELAK.
  1876 | D:3      | Found a faded altar of an unknown god.
  1987 | D:3      | Identified the +5 war axe of Conscience {freeze, Will+++
                  | Int-3}
  2075 | D:3      | Found a basalt altar of Yredelemnul.
  2181 | D:3      | Reached XP level 5. HP: 37/46 MP: 2/4
  2539 | D:3      | 2539 ||| UPGRADING to +0 ring mail.
  2549 | D:3      | 2549 ||| DROPPING +0 leather armour.
  2550 | D:3      | 2550 ||| READING 2 scrolls labelled RUFAJU OGRIJ.
  2551 | D:3      | 2551 ||| READING scroll labelled YTEENG HADOO.
  2551 | D:3      | Identified a scroll of acquirement
  2551 | D:3      | 2551 ||| ACQUIRING +0 hand crossbow of flaming
  2551 | D:3      | Acquired a +0 hand crossbow of flaming
  2553 | D:3      | 2553 ||| SWAPPING to +0 hand crossbow of flaming.
  2554 | D:3      | 2554 ||| DROPPING +1 shortbow.
  2555 | D:3      | 2555 ||| READING scroll labelled ANOBEI IMUTOI.
  2556 | D:3      | 2556 ||| READING scroll labelled BILODU KIZXEY.
  2557 | D:3      | 2557 ||| READING 3 scrolls of identify.
  2557 | D:3      | 2557 ||| IDENTIFYING bubbling pink potion
  2558 | D:3      | 2558 ||| READING 2 scrolls of identify.
  2558 | D:3      | 2558 ||| IDENTIFYING fuming white potion
  2559 | D:3      | 2559 ||| DROPPING scroll of blinking.
  2560 | D:3      | 2560 ||| DROPPING potion of invisibility.
  2561 | D:3      | 2561 ||| DROPPING potion of enlightenment.
  2591 | D:4      | HP: 10/46 [gnoll/+0 halberd[a gnoll bouda] (10)]
  2592 | D:4      | HP: 4/46 [gnoll/+0 spear[a gnoll bouda] (1)]
  2593 | D:4      | HP: 1/46 [gnoll/+0 spear[a gnoll bouda] (4)]
  2594 | D:4      | Mangled by a gnoll

Levels and vault maps discovered:
D:1:      reono_arrival_forest_river, layout_basic, minivault_19
D:2:      kb_forest_paths, layout_basic, serial_shops, shop_coins
D:3:      layout_basic, lemuel_crystal_altar,
          shapermc_ecumenical_altar_rom_forum
D:4:      layout_cave_pools, hangedman_decor_clover_reticule,
          chequers_serial_rivers_small_3, kennysheep_generic_room_9, uniq_pargi

Skill      XL: |  1  2  3  4 |
---------------+-------------+-----
Ranged Weapons | 5 6 |  6.8
Fighting       | 3 4 |  4.0
Armour         | 1 |  1.2
Dodging        | |  2.1
Stealth        | |  0.7

Action                     |  1- 3 |  4- 6 || total
---------------------------+-------+-------++-------
   Fire: Shortbow          |    86 |   118 ||   204
         Hand crossbow     |       |    13 ||    13
    Use: Potion            |     2 |       ||     2
         Scroll            |     1 |     9 ||    10
 Armour: Leather armour    |     7 |    15 ||    22
         Ring mail         |       |     4 ||     4
  Dodge: Dodged            |    25 |    62 ||    87

Table legend:
 A = Non-vault XP
 B = Vault XP
 C = Vault XP percentage of total XP
 D = Non-vault monster count
 E = Vault monster count
 F = Vault count percentage of total count
                 A         B        C        D         E       F
            +---------+---------+-------+---------+---------+-------
      Total |     279 |      27 |   8.8 |      66 |       6 |   8.3
            +---------+---------+-------+---------+---------+-------
        D:1 |      30 |       0 |   0.0 |      18 |       0 |   0.0
        D:2 |      94 |      27 |  22.3 |      23 |       6 |  20.7
        D:3 |      57 |       0 |   0.0 |      20 |       0 |   0.0
        D:4 |      98 |       0 |   0.0 |       5 |       0 |   0.0
            +---------+---------+-------+---------+---------+-------
